Workbook

Sheet Inicio
A1: Control de Ventas (gratis)
A2: de SuanSupply · funciona en Microsoft Excel y Google Sheets
A4: CÓMO ABRIRLA
A5: Excel: haz doble clic en el archivo. Google Sheets: entra en sheets.google.com, elige Archivo > Importar > Subir, selecciona este archivo y elige Reemplazar hoja de cálculo.
A7: QUÉ HAY EN CADA HOJA
A8: Ventas: tu registro diario. Escribe fecha, producto (menú), cantidad, precio, canal (menú) y método de pago (menú). El total se calcula solo.
A9: Productos: tu catálogo con nombre y precio. Calcula unidades y ventas de cada producto.
A10: Resumen: tu tablero del año: ventas por mes, tus 5 productos más vendidos y 2 gráficas.
A11: Configuracion: el símbolo de moneda.
A13: CÓMO EMPEZAR EN 5 MINUTOS
A14: 1. Ve a Configuracion y cambia las listas por las de tu negocio. Escribe tu símbolo de moneda.
A15: 2. En Productos, reemplaza los ejemplos con tus productos y sus precios.
... A32: La versión completa agrega costo y ganancia, canal de venta y método de pago, selector de mes y meta contra lo real. La encuentras en suansupply.com.

Sheet Ventas
A1: Registro de ventas
A2: Una fila por venta. Elige el producto del menú y escribe el precio al que realmente vendiste.
A3: Fecha | B3: Producto | C3: Cantidad | D3: Precio unitario | E3: Total
A4: 46023 | B4: Concha tradicional | C4: 4 | D4: 20 | E4: =IF($B4="","",N(C4)*N(D4)) -> 80
A5: 46023 | B5: Concha tradicional | C5: 6 | D5: 22 | E5: =IF($B5="","",N(C5)*N(D5)) -> 132
A6: 46024 | B6: Salsa macha 180 ml | C6: 1 | D6: 110 | E6: =IF($B6="","",N(C6)*N(D6)) -> 110
A7: 46026 | B7: Tamales de rajas (media docena) | C7: 1 | D7: 140 | E7: =IF($B7="","",N(C7)*N(D7)) -> 140
A8: 46028 | B8: Galletas de avena (docena) | C8: 1 | D8: 95 | E8: =IF($B8="","",N(C8)*N(D8)) -> 95
A9: 46029 | B9: Concha tradicional | C9: 6 | D9: 20 | E9: =IF($B9="","",N(C9)*N(D9)) -> 120
A10: 46032 | B10: Café de olla molido 250 g | C10: 1 | D10: 125 | E10: =IF($B10="","",N(C10)*N(D10)) -> 125
A11: 46034 | B11: Galletas de avena (docena) | C11: 1 | D11: 95 | E11: =IF($B11="","",N(C11)*N(D11)) -> 95
A12: 46034 | B12: Granola con miel 300 g | C12: 1 | D12: 99 | E12: =IF($B12="","",N(C12)*N(D12)) -> 99
A13: 46034 | B13: Galletas de avena (docena) | C13: 1 | D13: 95 | E13: =IF($B13="","",N(C13)*N(D13)) -> 95
A14: 46037 | B14: Salsa macha 180 ml | C14: 1 | D14: 110 | E14: =IF($B14="","",N(C14)*N(D14)) -> 110
A15: 46039 | B15: Concha tradicional | C15: 2 | D15: 22 | E15: =IF($B15="","",N(C15)*N(D15)) -> 44
... A150: 46292 | B150: Concha tradicional | C150: 4 | D150: 22 | E150: =IF($B150="","",N(C150)*N(D150)) -> 88
E151: =IF($B151="","",N(C151)*N(D151))
E152: =IF($B152="","",N(C152)*N(D152))
E153: =IF($B153="","",N(C153)*N(D153))
E154: =IF($B154="","",N(C154)*N(D154))
E155: =IF($B155="","",N(C155)*N(D155))
E156: =IF($B156="","",N(C156)*N(D156))
E157: =IF($B157="","",N(C157)*N(D157))
E158: =IF($B158="","",N(C158)*N(D158))
E159: =IF($B159="","",N(C159)*N(D159))
E160: =IF($B160="","",N(C160)*N(D160))
E161: =IF($B161="","",N(C161)*N(D161))
E162: =IF($B162="","",N(C162)*N(D162))
... E503: =IF($B503="","",N(C503)*N(D503))

Sheet Productos
A1: Productos
A2: Escribe en las columnas ROJAS. Las unidades, ventas y ganancia se calculan desde la hoja Ventas para el año del Resumen.
A3: Producto | B3: Precio de lista | C3: Unidades (año) | D3: Ventas (año) | E3: #
A4: Brownie de chocolate (caja 6) | B4: 135 | C4: =IF($A4="","",SUMIFS(Ventas!$C$4:$C$503,Ventas!$B$4:$B$503,$A4,Ventas!$A$4:$A$503,">="&DATE(Resumen!$B$3,1,1),Ventas!$A$4:$A$503,"<"&DATE(Resumen!$B$3+1,1,1))) -> 15 | D4: =IF($A4="","",SUMIFS(Ventas!$E$4:$E$503,Ventas!$B$4:$B$503,$A4,Ventas!$A$4:$A$503,">="&DATE(Resumen!$B$3,1,1),Ventas!$A$4:$A$503,"<"&DATE(Resumen!$B$3+1,1,1))) -> 2025 | E4: =IF($A4="","",IF(N(D4)<=0,"",RANK(D4,D$4:D$33)+COUNTIF(D$4:D4,D4)-1)) -> 4
A5: Galletas de avena (docena) | B5: 95 | C5: =IF($A5="","",SUMIFS(Ventas!$C$4:$C$503,Ventas!$B$4:$B$503,$A5,Ventas!$A$4:$A$503,">="&DATE(Resumen!$B$3,1,1),Ventas!$A$4:$A$503,"<"&DATE(Resumen!$B$3+1,1,1))) -> 30 | D5: =IF($A5="","",SUMIFS(Ventas!$E$4:$E$503,Ventas!$B$4:$B$503,$A5,Ventas!$A$4:$A$503,">="&DATE(Resumen!$B$3,1,1),Ventas!$A$4:$A$503,"<"&DATE(Resumen!$B$3+1,1,1))) -> 2823 | E5: =IF($A5="","",IF(N(D5)<=0,"",RANK(D5,D$4:D$33)+COUNTIF(D$4:D5,D5)-1)) -> 1
A6: Pan de elote entero | B6: 85 | C6: =IF($A6="","",SUMIFS(Ventas!$C$4:$C$503,Ventas!$B$4:$B$503,$A6,Ventas!$A$4:$A$503,">="&DATE(Resumen!$B$3,1,1),Ventas!$A$4:$A$503,"<"&DATE(Resumen!$B$3+1,1,1))) -> 28 | D6: =IF($A6="","",SUMIFS(Ventas!$E$4:$E$503,Ventas!$B$4:$B$503,$A6,Ventas!$A$4:$A$503,">="&DATE(Resumen!$B$3,1,1),Ventas!$A$4:$A$503,"<"&DATE(Resumen!$B$3+1,1,1))) -> 2353 | E6: =IF($A6="","",IF(N(D6)<=0,"",RANK(D6,D$4:D$33)+COUNTIF(D$4:D6,D6)-1)) -> 3
A7: Concha tradicional | B7: 22 | C7: =IF($A7="","",SUMIFS(Ventas!$C$4:$C$503,Ventas!$B$4:$B$503,$A7,Ventas!$A$4:$A$503,">="&DATE(Resumen!$B$3,1,1),Ventas!$A$4:$A$503,"<"&DATE(Resumen!$B$3+1,1,1))) -> 93 | D7: =IF($A7="","",SUMIFS(Ventas!$E$4:$E$503,Ventas!$B$4:$B$503,$A7,Ventas!$A$4:$A$503,">="&DATE(Resumen!$B$3,1,1),Ventas!$A$4:$A$503,"<"&DATE(Resumen!$B$3+1,1,1))) -> 2022 | E7: =IF($A7="","",IF(N(D7)<=0,"",RANK(D7,D$4:D$33)+COUNTIF(D$4:D7,D7)-1)) -> 5
A8: Café de olla molido 250 g | B8: 125 | C8: =IF($A8="","",SUMIFS(Ventas!$C$4:$C$503,Ventas!$B$4:$B$503,$A8,Ventas!$A$4:$A$503,">="&DATE(Resumen!$B$3,1,1),Ventas!$A$4:$A$503,"<"&DATE(Resumen!$B$3+1,1,1))) -> 20 | D8: =IF($A8="","",SUMIFS(Ventas!$E$4:$E$503,Ventas!$B$4:$B$503,$A8,Ventas!$A$4:$A$503,">="&DATE(Resumen!$B$3,1,1),Ventas!$A$4:$A$503,"<"&DATE(Resumen!$B$3+1,1,1))) -> 2487 | E8: =IF($A8="","",IF(N(D8)<=0,"",RANK(D8,D$4:D$33)+COUNTIF(D$4:D8,D8)-1)) -> 2
A9: Mermelada de fresa 220 g | B9: 79 | C9: =IF($A9="","",SUMIFS(Ventas!$C$4:$C$503,Ventas!$B$4:$B$503,$A9,Ventas!$A$4:$A$503,">="&DATE(Resumen!$B$3,1,1),Ventas!$A$4:$A$503,"<"&DATE(Resumen!$B$3+1,1,1))) -> 10 | D9: =IF($A9="","",SUMIFS(Ventas!$E$4:$E$503,Ventas!$B$4:$B$503,$A9,Ventas!$A$4:$A$503,">="&DATE(Resumen!$B$3,1,1),Ventas!$A$4:$A$503,"<"&DATE(Resumen!$B$3+1,1,1))) -> 774 | E9: =IF($A9="","",IF(N(D9)<=0,"",RANK(D9,D$4:D$33)+COUNTIF(D$4:D9,D9)-1)) -> 10
A10: Salsa macha 180 ml | B10: 110 | C10: =IF($A10="","",SUMIFS(Ventas!$C$4:$C$503,Ventas!$B$4:$B$503,$A10,Ventas!$A$4:$A$503,">="&DATE(Resumen!$B$3,1,1),Ventas!$A$4:$A$503,"<"&DATE(Resumen!$B$3+1,1,1))) -> 15 | D10: =IF($A10="","",SUMIFS(Ventas!$E$4:$E$503,Ventas!$B$4:$B$503,$A10,Ventas!$A$4:$A$503,">="&DATE(Resumen!$B$3,1,1),Ventas!$A$4:$A$503,"<"&DATE(Resumen!$B$3+1,1,1))) -> 1628 | E10: =IF($A10="","",IF(N(D10)<=0,"",RANK(D10,D$4:D$33)+COUNTIF(D$4:D10,D10)-1)) -> 8
A11: Caja de regalo mediana | B11: 290 | C11: =IF($A11="","",SUMIFS(Ventas!$C$4:$C$503,Ventas!$B$4:$B$503,$A11,Ventas!$A$4:$A$503,">="&DATE(Resumen!$B$3,1,1),Ventas!$A$4:$A$503,"<"&DATE(Resumen!$B$3+1,1,1))) -> 6 | D11: =IF($A11="","",SUMIFS(Ventas!$E$4:$E$503,Ventas!$B$4:$B$503,$A11,Ventas!$A$4:$A$503,">="&DATE(Resumen!$B$3,1,1),Ventas!$A$4:$A$503,"<"&DATE(Resumen!$B$3+1,1,1))) -> 1740 | E11: =IF($A11="","",IF(N(D11)<=0,"",RANK(D11,D$4:D$33)+COUNTIF(D$4:D11,D11)-1)) -> 7
A12: Tamales de rajas (media docena) | B12: 140 | C12: =IF($A12="","",SUMIFS(Ventas!$C$4:$C$503,Ventas!$B$4:$B$503,$A12,Ventas!$A$4:$A$503,">="&DATE(Resumen!$B$3,1,1),Ventas!$A$4:$A$503,"<"&DATE(Resumen!$B$3+1,1,1))) -> 13 | D12: =IF($A12="","",SUMIFS(Ventas!$E$4:$E$503,Ventas!$B$4:$B$503,$A12,Ventas!$A$4:$A$503,">="&DATE(Resumen!$B$3,1,1),Ventas!$A$4:$A$503,"<"&DATE(Resumen!$B$3+1,1,1))) -> 1806 | E12: =IF($A12="","",IF(N(D12)<=0,"",RANK(D12,D$4:D$33)+COUNTIF(D$4:D12,D12)-1)) -> 6
A13: Granola con miel 300 g | B13: 99 | C13: =IF($A13="","",SUMIFS(Ventas!$C$4:$C$503,Ventas!$B$4:$B$503,$A13,Ventas!$A$4:$A$503,">="&DATE(Resumen!$B$3,1,1),Ventas!$A$4:$A$503,"<"&DATE(Resumen!$B$3+1,1,1))) -> 16 | D13: =IF($A13="","",SUMIFS(Ventas!$E$4:$E$503,Ventas!$B$4:$B$503,$A13,Ventas!$A$4:$A$503,">="&DATE(Resumen!$B$3,1,1),Ventas!$A$4:$A$503,"<"&DATE(Resumen!$B$3+1,1,1))) -> 1584 | E13: =IF($A13="","",IF(N(D13)<=0,"",RANK(D13,D$4:D$33)+COUNTIF(D$4:D13,D13)-1)) -> 9
C14: =IF($A14="","",SUMIFS(Ventas!$C$4:$C$503,Ventas!$B$4:$B$503,$A14,Ventas!$A$4:$A$503,">="&DATE(Resumen!$B$3,1,1),Ventas!$A$4:$A$503,"<"&DATE(Resumen!$B$3+1,1,1))) | D14: =IF($A14="","",SUMIFS(Ventas!$E$4:$E$503,Ventas!$B$4:$B$503,$A14,Ventas!$A$4:$A$503,">="&DATE(Resumen!$B$3,1,1),Ventas!$A$4:$A$503,"<"&DATE(Resumen!$B$3+1,1,1))) | E14: =IF($A14="","",IF(N(D14)<=0,"",RANK(D14,D$4:D$33)+COUNTIF(D$4:D14,D14)-1))
C15: =IF($A15="","",SUMIFS(Ventas!$C$4:$C$503,Ventas!$B$4:$B$503,$A15,Ventas!$A$4:$A$503,">="&DATE(Resumen!$B$3,1,1),Ventas!$A$4:$A$503,"<"&DATE(Resumen!$B$3+1,1,1))) | D15: =IF($A15="","",SUMIFS(Ventas!$E$4:$E$503,Ventas!$B$4:$B$503,$A15,Ventas!$A$4:$A$503,">="&DATE(Resumen!$B$3,1,1),Ventas!$A$4:$A$503,"<"&DATE(Resumen!$B$3+1,1,1))) | E15: =IF($A15="","",IF(N(D15)<=0,"",RANK(D15,D$4:D$33)+COUNTIF(D$4:D15,D15)-1))
C16: =IF($A16="","",SUMIFS(Ventas!$C$4:$C$503,Ventas!$B$4:$B$503,$A16,Ventas!$A$4:$A$503,">="&DATE(Resumen!$B$3,1,1),Ventas!$A$4:$A$503,"<"&DATE(Resumen!$B$3+1,1,1))) | D16: =IF($A16="","",SUMIFS(Ventas!$E$4:$E$503,Ventas!$B$4:$B$503,$A16,Ventas!$A$4:$A$503,">="&DATE(Resumen!$B$3,1,1),Ventas!$A$4:$A$503,"<"&DATE(Resumen!$B$3+1,1,1))) | E16: =IF($A16="","",IF(N(D16)<=0,"",RANK(D16,D$4:D$33)+COUNTIF(D$4:D16,D16)-1))
C17: =IF($A17="","",SUMIFS(Ventas!$C$4:$C$503,Ventas!$B$4:$B$503,$A17,Ventas!$A$4:$A$503,">="&DATE(Resumen!$B$3,1,1),Ventas!$A$4:$A$503,"<"&DATE(Resumen!$B$3+1,1,1))) | D17: =IF($A17="","",SUMIFS(Ventas!$E$4:$E$503,Ventas!$B$4:$B$503,$A17,Ventas!$A$4:$A$503,">="&DATE(Resumen!$B$3,1,1),Ventas!$A$4:$A$503,"<"&DATE(Resumen!$B$3+1,1,1))) | E17: =IF($A17="","",IF(N(D17)<=0,"",RANK(D17,D$4:D$33)+COUNTIF(D$4:D17,D17)-1))
C18: =IF($A18="","",SUMIFS(Ventas!$C$4:$C$503,Ventas!$B$4:$B$503,$A18,Ventas!$A$4:$A$503,">="&DATE(Resumen!$B$3,1,1),Ventas!$A$4:$A$503,"<"&DATE(Resumen!$B$3+1,1,1))) | D18: =IF($A18="","",SUMIFS(Ventas!$E$4:$E$503,Ventas!$B$4:$B$503,$A18,Ventas!$A$4:$A$503,">="&DATE(Resumen!$B$3,1,1),Ventas!$A$4:$A$503,"<"&DATE(Resumen!$B$3+1,1,1))) | E18: =IF($A18="","",IF(N(D18)<=0,"",RANK(D18,D$4:D$33)+COUNTIF(D$4:D18,D18)-1))
C19: =IF($A19="","",SUMIFS(Ventas!$C$4:$C$503,Ventas!$B$4:$B$503,$A19,Ventas!$A$4:$A$503,">="&DATE(Resumen!$B$3,1,1),Ventas!$A$4:$A$503,"<"&DATE(Resumen!$B$3+1,1,1))) | D19: =IF($A19="","",SUMIFS(Ventas!$E$4:$E$503,Ventas!$B$4:$B$503,$A19,Ventas!$A$4:$A$503,">="&DATE(Resumen!$B$3,1,1),Ventas!$A$4:$A$503,"<"&DATE(Resumen!$B$3+1,1,1))) | E19: =IF($A19="","",IF(N(D19)<=0,"",RANK(D19,D$4:D$33)+COUNTIF(D$4:D19,D19)-1))
C20: =IF($A20="","",SUMIFS(Ventas!$C$4:$C$503,Ventas!$B$4:$B$503,$A20,Ventas!$A$4:$A$503,">="&DATE(Resumen!$B$3,1,1),Ventas!$A$4:$A$503,"<"&DATE(Resumen!$B$3+1,1,1))) | D20: =IF($A20="","",SUMIFS(Ventas!$E$4:$E$503,Ventas!$B$4:$B$503,$A20,Ventas!$A$4:$A$503,">="&DATE(Resumen!$B$3,1,1),Ventas!$A$4:$A$503,"<"&DATE(Resumen!$B$3+1,1,1))) | E20: =IF($A20="","",IF(N(D20)<=0,"",RANK(D20,D$4:D$33)+COUNTIF(D$4:D20,D20)-1))
C21: =IF($A21="","",SUMIFS(Ventas!$C$4:$C$503,Ventas!$B$4:$B$503,$A21,Ventas!$A$4:$A$503,">="&DATE(Resumen!$B$3,1,1),Ventas!$A$4:$A$503,"<"&DATE(Resumen!$B$3+1,1,1))) | D21: =IF($A21="","",SUMIFS(Ventas!$E$4:$E$503,Ventas!$B$4:$B$503,$A21,Ventas!$A$4:$A$503,">="&DATE(Resumen!$B$3,1,1),Ventas!$A$4:$A$503,"<"&DATE(Resumen!$B$3+1,1,1))) | E21: =IF($A21="","",IF(N(D21)<=0,"",RANK(D21,D$4:D$33)+COUNTIF(D$4:D21,D21)-1))
C22: =IF($A22="","",SUMIFS(Ventas!$C$4:$C$503,Ventas!$B$4:$B$503,$A22,Ventas!$A$4:$A$503,">="&DATE(Resumen!$B$3,1,1),Ventas!$A$4:$A$503,"<"&DATE(Resumen!$B$3+1,1,1))) | D22: =IF($A22="","",SUMIFS(Ventas!$E$4:$E$503,Ventas!$B$4:$B$503,$A22,Ventas!$A$4:$A$503,">="&DATE(Resumen!$B$3,1,1),Ventas!$A$4:$A$503,"<"&DATE(Resumen!$B$3+1,1,1))) | E22: =IF($A22="","",IF(N(D22)<=0,"",RANK(D22,D$4:D$33)+COUNTIF(D$4:D22,D22)-1))
C23: =IF($A23="","",SUMIFS(Ventas!$C$4:$C$503,Ventas!$B$4:$B$503,$A23,Ventas!$A$4:$A$503,">="&DATE(Resumen!$B$3,1,1),Ventas!$A$4:$A$503,"<"&DATE(Resumen!$B$3+1,1,1))) | D23: =IF($A23="","",SUMIFS(Ventas!$E$4:$E$503,Ventas!$B$4:$B$503,$A23,Ventas!$A$4:$A$503,">="&DATE(Resumen!$B$3,1,1),Ventas!$A$4:$A$503,"<"&DATE(Resumen!$B$3+1,1,1))) | E23: =IF($A23="","",IF(N(D23)<=0,"",RANK(D23,D$4:D$33)+COUNTIF(D$4:D23,D23)-1))
C24: =IF($A24="","",SUMIFS(Ventas!$C$4:$C$503,Ventas!$B$4:$B$503,$A24,Ventas!$A$4:$A$503,">="&DATE(Resumen!$B$3,1,1),Ventas!$A$4:$A$503,"<"&DATE(Resumen!$B$3+1,1,1))) | D24: =IF($A24="","",SUMIFS(Ventas!$E$4:$E$503,Ventas!$B$4:$B$503,$A24,Ventas!$A$4:$A$503,">="&DATE(Resumen!$B$3,1,1),Ventas!$A$4:$A$503,"<"&DATE(Resumen!$B$3+1,1,1))) | E24: =IF($A24="","",IF(N(D24)<=0,"",RANK(D24,D$4:D$33)+COUNTIF(D$4:D24,D24)-1))
C25: =IF($A25="","",SUMIFS(Ventas!$C$4:$C$503,Ventas!$B$4:$B$503,$A25,Ventas!$A$4:$A$503,">="&DATE(Resumen!$B$3,1,1),Ventas!$A$4:$A$503,"<"&DATE(Resumen!$B$3+1,1,1))) | D25: =IF($A25="","",SUMIFS(Ventas!$E$4:$E$503,Ventas!$B$4:$B$503,$A25,Ventas!$A$4:$A$503,">="&DATE(Resumen!$B$3,1,1),Ventas!$A$4:$A$503,"<"&DATE(Resumen!$B$3+1,1,1))) | E25: =IF($A25="","",IF(N(D25)<=0,"",RANK(D25,D$4:D$33)+COUNTIF(D$4:D25,D25)-1))
... C33: =IF($A33="","",SUMIFS(Ventas!$C$4:$C$503,Ventas!$B$4:$B$503,$A33,Ventas!$A$4:$A$503,">="&DATE(Resumen!$B$3,1,1),Ventas!$A$4:$A$503,"<"&DATE(Resumen!$B$3+1,1,1))) | D33: =IF($A33="","",SUMIFS(Ventas!$E$4:$E$503,Ventas!$B$4:$B$503,$A33,Ventas!$A$4:$A$503,">="&DATE(Resumen!$B$3,1,1),Ventas!$A$4:$A$503,"<"&DATE(Resumen!$B$3+1,1,1))) | E33: =IF($A33="","",IF(N(D33)<=0,"",RANK(D33,D$4:D$33)+COUNTIF(D$4:D33,D33)-1))

Sheet Resumen
A1: Tablero de ventas
A2: Todo aquí se calcula solo a partir de tus otras hojas. Solo escribes en las celdas amarillas.
A3: Año | B3: 2026
B5: Ventas del año | D5: Unidades vendidas | F5: Número de ventas | H5: Ticket promedio | J5: Mejor mes | L5: Producto estrella
B6: =Configuracion!$A$4&TEXT($N$29,"#,##0") -> $19,242 | D6: =$N$30 -> 246 | F6: =$N$31 -> 147 | H6: =IF($N$31=0,"-",Configuracion!$A$4&TEXT($N$29/$N$31,"#,##0")) -> $131 | J6: =IFERROR(INDEX($B$28:$M$28,MATCH(MAX($B$29:$M$29),$B$29:$M$29,0)),"-") -> Abr | L6: =IFERROR(INDEX($A$36:$A$40,1),"-") -> Galletas de avena (docena)
A27: Ventas por mes (año)
A28: Mes | B28: Ene | C28: Feb | D28: Mar | E28: Abr | F28: May | G28: Jun | H28: Jul | I28: Ago | J28: Sep | K28: Oct | L28: Nov | M28: Dic | N28: Total
A29: Ventas | B29: =SUMIFS(Ventas!$E$4:$E$503,Ventas!$A$4:$A$503,">="&DATE($B$3,1,1),Ventas!$A$4:$A$503,"<"&DATE($B$3,1+1,1)) -> 1762 | C29: =SUMIFS(Ventas!$E$4:$E$503,Ventas!$A$4:$A$503,">="&DATE($B$3,2,1),Ventas!$A$4:$A$503,"<"&DATE($B$3,2+1,1)) -> 2148 | D29: =SUMIFS(Ventas!$E$4:$E$503,Ventas!$A$4:$A$503,">="&DATE($B$3,3,1),Ventas!$A$4:$A$503,"<"&DATE($B$3,3+1,1)) -> 2078 | E29: =SUMIFS(Ventas!$E$4:$E$503,Ventas!$A$4:$A$503,">="&DATE($B$3,4,1),Ventas!$A$4:$A$503,"<"&DATE($B$3,4+1,1)) -> 2746 | F29: =SUMIFS(Ventas!$E$4:$E$503,Ventas!$A$4:$A$503,">="&DATE($B$3,5,1),Ventas!$A$4:$A$503,"<"&DATE($B$3,5+1,1)) -> 2593 | G29: =SUMIFS(Ventas!$E$4:$E$503,Ventas!$A$4:$A$503,">="&DATE($B$3,6,1),Ventas!$A$4:$A$503,"<"&DATE($B$3,6+1,1)) -> 1923 | H29: =SUMIFS(Ventas!$E$4:$E$503,Ventas!$A$4:$A$503,">="&DATE($B$3,7,1),Ventas!$A$4:$A$503,"<"&DATE($B$3,7+1,1)) -> 2331 | I29: =SUMIFS(Ventas!$E$4:$E$503,Ventas!$A$4:$A$503,">="&DATE($B$3,8,1),Ventas!$A$4:$A$503,"<"&DATE($B$3,8+1,1)) -> 1702 | J29: =SUMIFS(Ventas!$E$4:$E$503,Ventas!$A$4:$A$503,">="&DATE($B$3,9,1),Ventas!$A$4:$A$503,"<"&DATE($B$3,9+1,1)) -> 1959 | K29: =SUMIFS(Ventas!$E$4:$E$503,Ventas!$A$4:$A$503,">="&DATE($B$3,10,1),Ventas!$A$4:$A$503,"<"&DATE($B$3,10+1,1)) -> 0 | L29: =SUMIFS(Ventas!$E$4:$E$503,Ventas!$A$4:$A$503,">="&DATE($B$3,11,1),Ventas!$A$4:$A$503,"<"&DATE($B$3,11+1,1)) -> 0 | M29: =SUMIFS(Ventas!$E$4:$E$503,Ventas!$A$4:$A$503,">="&DATE($B$3,12,1),Ventas!$A$4:$A$503,"<"&DATE($B$3,12+1,1)) -> 0 | N29: =SUM(B29:M29) -> 19242
A30: Unidades vendidas | B30: =SUMIFS(Ventas!$C$4:$C$503,Ventas!$A$4:$A$503,">="&DATE($B$3,1,1),Ventas!$A$4:$A$503,"<"&DATE($B$3,1+1,1)) -> 30 | C30: =SUMIFS(Ventas!$C$4:$C$503,Ventas!$A$4:$A$503,">="&DATE($B$3,2,1),Ventas!$A$4:$A$503,"<"&DATE($B$3,2+1,1)) -> 31 | D30: =SUMIFS(Ventas!$C$4:$C$503,Ventas!$A$4:$A$503,">="&DATE($B$3,3,1),Ventas!$A$4:$A$503,"<"&DATE($B$3,3+1,1)) -> 28 | E30: =SUMIFS(Ventas!$C$4:$C$503,Ventas!$A$4:$A$503,">="&DATE($B$3,4,1),Ventas!$A$4:$A$503,"<"&DATE($B$3,4+1,1)) -> 25 | F30: =SUMIFS(Ventas!$C$4:$C$503,Ventas!$A$4:$A$503,">="&DATE($B$3,5,1),Ventas!$A$4:$A$503,"<"&DATE($B$3,5+1,1)) -> 35 | G30: =SUMIFS(Ventas!$C$4:$C$503,Ventas!$A$4:$A$503,">="&DATE($B$3,6,1),Ventas!$A$4:$A$503,"<"&DATE($B$3,6+1,1)) -> 22 | H30: =SUMIFS(Ventas!$C$4:$C$503,Ventas!$A$4:$A$503,">="&DATE($B$3,7,1),Ventas!$A$4:$A$503,"<"&DATE($B$3,7+1,1)) -> 27 | I30: =SUMIFS(Ventas!$C$4:$C$503,Ventas!$A$4:$A$503,">="&DATE($B$3,8,1),Ventas!$A$4:$A$503,"<"&DATE($B$3,8+1,1)) -> 15 | J30: =SUMIFS(Ventas!$C$4:$C$503,Ventas!$A$4:$A$503,">="&DATE($B$3,9,1),Ventas!$A$4:$A$503,"<"&DATE($B$3,9+1,1)) -> 33 | K30: =SUMIFS(Ventas!$C$4:$C$503,Ventas!$A$4:$A$503,">="&DATE($B$3,10,1),Ventas!$A$4:$A$503,"<"&DATE($B$3,10+1,1)) -> 0 | L30: =SUMIFS(Ventas!$C$4:$C$503,Ventas!$A$4:$A$503,">="&DATE($B$3,11,1),Ventas!$A$4:$A$503,"<"&DATE($B$3,11+1,1)) -> 0 | M30: =SUMIFS(Ventas!$C$4:$C$503,Ventas!$A$4:$A$503,">="&DATE($B$3,12,1),Ventas!$A$4:$A$503,"<"&DATE($B$3,12+1,1)) -> 0 | N30: =SUM(B30:M30) -> 246
A31: Número de ventas | B31: =COUNTIFS(Ventas!$A$4:$A$503,">="&DATE($B$3,1,1),Ventas!$A$4:$A$503,"<"&DATE($B$3,1+1,1)) -> 16 | C31: =COUNTIFS(Ventas!$A$4:$A$503,">="&DATE($B$3,2,1),Ventas!$A$4:$A$503,"<"&DATE($B$3,2+1,1)) -> 17 | D31: =COUNTIFS(Ventas!$A$4:$A$503,">="&DATE($B$3,3,1),Ventas!$A$4:$A$503,"<"&DATE($B$3,3+1,1)) -> 18 | E31: =COUNTIFS(Ventas!$A$4:$A$503,">="&DATE($B$3,4,1),Ventas!$A$4:$A$503,"<"&DATE($B$3,4+1,1)) -> 17 | F31: =COUNTIFS(Ventas!$A$4:$A$503,">="&DATE($B$3,5,1),Ventas!$A$4:$A$503,"<"&DATE($B$3,5+1,1)) -> 15 | G31: =COUNTIFS(Ventas!$A$4:$A$503,">="&DATE($B$3,6,1),Ventas!$A$4:$A$503,"<"&DATE($B$3,6+1,1)) -> 17 | H31: =COUNTIFS(Ventas!$A$4:$A$503,">="&DATE($B$3,7,1),Ventas!$A$4:$A$503,"<"&DATE($B$3,7+1,1)) -> 20 | I31: =COUNTIFS(Ventas!$A$4:$A$503,">="&DATE($B$3,8,1),Ventas!$A$4:$A$503,"<"&DATE($B$3,8+1,1)) -> 12 | J31: =COUNTIFS(Ventas!$A$4:$A$503,">="&DATE($B$3,9,1),Ventas!$A$4:$A$503,"<"&DATE($B$3,9+1,1)) -> 15 | K31: =COUNTIFS(Ventas!$A$4:$A$503,">="&DATE($B$3,10,1),Ventas!$A$4:$A$503,"<"&DATE($B$3,10+1,1)) -> 0 | L31: =COUNTIFS(Ventas!$A$4:$A$503,">="&DATE($B$3,11,1),Ventas!$A$4:$A$503,"<"&DATE($B$3,11+1,1)) -> 0 | M31: =COUNTIFS(Ventas!$A$4:$A$503,">="&DATE($B$3,12,1),Ventas!$A$4:$A$503,"<"&DATE($B$3,12+1,1)) -> 0 | N31: =SUM(B31:M31) -> 147
A34: Los 5 productos más vendidos del año
A35: Producto | B35: Unidades | C35: Ventas | D35: % del año
A36: =IFERROR(INDEX(Productos!$A$4:$A$33,MATCH(1,Productos!$E$4:$E$33,0)),"") -> Galletas de avena (docena) | B36: =IFERROR(INDEX(Productos!$C$4:$C$33,MATCH(1,Productos!$E$4:$E$33,0)),"") -> 30 | C36: =IFERROR(INDEX(Productos!$D$4:$D$33,MATCH(1,Productos!$E$4:$E$33,0)),"") -> 2823 | D36: =IF(C36="","",IF($N$29=0,"",C36/$N$29)) -> 0.14671032
A37: =IFERROR(INDEX(Productos!$A$4:$A$33,MATCH(2,Productos!$E$4:$E$33,0)),"") -> Café de olla molido 250 g | B37: =IFERROR(INDEX(Productos!$C$4:$C$33,MATCH(2,Productos!$E$4:$E$33,0)),"") -> 20 | C37: =IFERROR(INDEX(Productos!$D$4:$D$33,MATCH(2,Productos!$E$4:$E$33,0)),"") -> 2487 | D37: =IF(C37="","",IF($N$29=0,"",C37/$N$29)) -> 0.12924852
A38: =IFERROR(INDEX(Productos!$A$4:$A$33,MATCH(3,Productos!$E$4:$E$33,0)),"") -> Pan de elote entero | B38: =IFERROR(INDEX(Productos!$C$4:$C$33,MATCH(3,Productos!$E$4:$E$33,0)),"") -> 28 | C38: =IFERROR(INDEX(Productos!$D$4:$D$33,MATCH(3,Productos!$E$4:$E$33,0)),"") -> 2353 | D38: =IF(C38="","",IF($N$29=0,"",C38/$N$29)) -> 0.12228459
A39: =IFERROR(INDEX(Productos!$A$4:$A$33,MATCH(4,Productos!$E$4:$E$33,0)),"") -> Brownie de chocolate (caja 6) | B39: =IFERROR(INDEX(Productos!$C$4:$C$33,MATCH(4,Productos!$E$4:$E$33,0)),"") -> 15 | C39: =IFERROR(INDEX(Productos!$D$4:$D$33,MATCH(4,Productos!$E$4:$E$33,0)),"") -> 2025 | D39: =IF(C39="","",IF($N$29=0,"",C39/$N$29)) -> 0.10523854
A40: =IFERROR(INDEX(Productos!$A$4:$A$33,MATCH(5,Productos!$E$4:$E$33,0)),"") -> Concha tradicional | B40: =IFERROR(INDEX(Productos!$C$4:$C$33,MATCH(5,Productos!$E$4:$E$33,0)),"") -> 93 | C40: =IFERROR(INDEX(Productos!$D$4:$D$33,MATCH(5,Productos!$E$4:$E$33,0)),"") -> 2022 | D40: =IF(C40="","",IF($N$29=0,"",C40/$N$29)) -> 0.10508263

Sheet Configuracion
A1: Configuracion
A2: Cambia los nombres de las listas con encabezado rojo: alimentan los menús y el tablero.
A3: Símbolo de moneda
A4: $
A5: Se usa en las tarjetas del tablero.
